 Dungeon Crawl Stone Soup version 0.21.1-1-g345015fe64 (webtiles) character file.

7597 KamiKatze the Cleaver (level 10, -9/92 HPs)
             Began as a Deep Dwarf Fighter on Feb 25, 2018.
             Was a Priest of Makhleb.
             Mangled by a komodo dragon (19 damage)
             ... on level 1 of the Lair of Beasts.
             The game lasted 00:51:53 (8994 turns).

KamiKatze the Cleaver (Deep Dwarf Fighter)          Turns: 8994, Time: 00:51:53

Health: -9/92      AC: 13    Str: 23    XL:     10   Next: 97%
Magic:  8/8        EV:  9    Int:  9    God:    Makhleb [***...]
Gold:   691        SH: 12    Dex: 12    Spells: 9/9 levels left

rFire    . . .     SeeInvis +   Y - +0 broad axe
rCold    . . .     Gourm    .   c - +1 shield
rNeg     . . .     Faith    .   y - +0 chain mail
rPois    +         Spirit   .   A - +1 helmet
rElec    .         Reflect  .   (no cloak)
rCorr    .         Harm     .   (no gloves)
MR       +....                  (no boots)
Stlth    ..........             W - amulet of rage
HPRegen  0.00/turn              l - ring of see invisible
MPRegen  0.11/turn              s - ring of poison resistance

@: non-regenerating
A: damage resistance, heal wounds, sense surroundings 2, no regeneration
a: Heal Wounds, Minor Destruction, Lesser Servant of Makhleb, Renounce Religion,
Evoke Berserk Rage


You were on level 1 of the Lair of Beasts.
You worshipped Makhleb.
Makhleb was most pleased with you.
You were hungry.

You visited 2 branches of the dungeon, and saw 11 of its levels.
You also visited: Sewer.

You collected 740 gold pieces.
You spent 49 gold pieces at shops.

Inventory:

Hand Weapons
 a - a +3 war axe of freezing
 b - a +1 broad axe of electrocution
 d - a +0 morningstar
 p - a +1 mace of protection
 E - a +4 broad axe
 Y - a +0 broad axe (weapon)
Missiles
 m - 7 tomahawks (quivered)
 B - 26 poisoned needles
 C - 6 javelins
 N - 2 throwing nets
Armour
 c - a +1 shield (worn)
 y - a +0 chain mail (worn)
 A - a +1 helmet (worn)
 K - a +0 plate armour
Jewellery
 i - an uncursed ring of protection from fire
 l - a ring of see invisible (left hand)
 s - a ring of poison resistance (right hand)
 F - a +2 ring of strength
 G - a +2 ring of dexterity
 L - an uncursed ring of magical power
 M - an uncursed ring of wizardry
 W - an amulet of rage (around neck)
Wands
 u - a wand of paralysis (2)
 J - a wand of flame (74)
 T - a wand of iceblast (7)
 V - a wand of enslavement (20)
Scrolls
 k - 3 scrolls of immolation
 w - a scroll of fear
 z - 4 scrolls of enchant armour
 D - 6 scrolls of teleportation
 H - a scroll of remove curse
 R - a scroll of blinking
 S - a scroll of fog
 X - a scroll of magic mapping
Potions
 e - a potion of cancellation
 g - 2 potions of agility
 h - 2 potions of brilliance
 o - 2 potions of ambrosia
 q - 5 potions of haste
 r - 9 potions of curing
 t - 3 potions of lignification
 v - 4 potions of heal wounds
 I - 3 potions of flight
 Q - a potion of magic
 U - a potion of mutation {unknown}
Books
 j - a book of the Earth

   Spells                             Type                      Level
   a - Leda's Liquefaction            Hexes/Earth                  4
   b - Bolt of Magma                  Conjuration/Fire/Earth       5
   c - Statue Form                    Transmutation/Earth          6
   d - Iron Shot                      Conjuration/Earth            6
   e - Shatter                        Earth                        9
 n - a book of Misfortune

   Spells                             Type                      Level
   a - Confusing Touch                Hexes                        1
   b - Confuse                        Hexes                        3
   c - Gell's Gravitas                Translocation                3
   d - Petrify                        Transmutation/Earth          4
   e - Metabolic Englaciation         Hexes/Ice                    5
   f - Yara's Violent Unravelling     Hexes/Transmutation          5
 x - a book of Cantrips

   Spells                             Type                      Level
   a - Confusing Touch                Hexes                        1
   b - Animate Skeleton               Necromancy                   1
   c - Summon Small Mammal            Summoning                    1
   d - Apportation                    Translocation                1
 O - a book of Air

   Spells                             Type                      Level
   a - Shock                          Conjuration/Air              1
   b - Swiftness                      Charms/Air                   2
   c - Static Discharge               Conjuration/Air              3
   d - Airstrike                      Air                          4
   e - Lightning Bolt                 Conjuration/Air              5
 P - a book of Debilitation

   Spells                             Type                      Level
   a - Corona                         Hexes                        1
   b - Slow                           Hexes                        2
   c - Inner Flame                    Hexes/Fire                   3
   d - Portal Projectile              Hexes/Translocation          3
   e - Cause Fear                     Hexes                        4
   f - Leda's Liquefaction            Hexes/Earth                  4
Comestibles
 f - 21 rations
 Z - 4 chunks of flesh


   Skills:
 + Level 6.5 Fighting
 * Level 11.8 Axes
 + Level 7.8 Armour
 - Level 6.0 Dodging
 + Level 7.8 Shields
 + Level 4.8 Invocations


You had 9 spell levels left.
You didn't know any spells.

Dungeon Overview and Level Annotations

Branches:
Dungeon (10/15)            Temple (0/1) D:5            Lair (1/6) D:8
    Orc: D:9-12

Altars:
Ashenzari
Cheibriados
Dithmenos
Elyvilon
Gozag
Kikubaaqudgha
Makhleb
Nemelex Xobeh
Okawaru
Trog
Vehumet
Xom
Yredelemnul
The Shining One

Shops:
D:8 *   D:9 :

Annotations:
D:3 1 runed door
D:5 Eustachio
D:7 subsebi's ghost, novice DsCK


Innate Abilities, Weirdness & Mutations

You are resistant to damage.
You can heal yourself by infusing magical energy.
You passively map the area around you.
You do not regenerate.


Message History

You hit the komodo dragon.
The komodo dragon is almost dead.
You block the komodo dragon's attack.
You feel much better.
You are feeling hungry.
The komodo dragon bites you but does no damage.
You hit the komodo dragon but do no damage.
The komodo dragon is almost dead.
The komodo dragon bites you!!
* * * LOW HITPOINT WARNING * * *
You hit the komodo dragon.
The komodo dragon is almost dead.
The komodo dragon barely misses you.
You barely miss the komodo dragon.
The komodo dragon is almost dead.
You block the komodo dragon's attack.
You completely miss the komodo dragon.
The komodo dragon is almost dead.
The komodo dragon bites you!!
You die...

* * #...., ,, ,
#....,, , , , *
#...# #### ,,, ,,
* * ,*
#....####...##. ,
, **
#...##........, ,
, * ,
+...##......##.,,
,
##...##.........
, ,
*#...<#.......#*
##...@l......#
,,,,
#...#######.# ,,
, + #...# , , ,,
,...... , ,
........ , , , ,
, , .......... ,
, , ,, *
.♣...♣♣♣#. * , **
,♣♣♣♣ ##* * , , ,
* * ,,, ,


You could see a komodo dragon.

Vanquished Creatures
  A hydra (D:10)
  A death knight (D:10)
  A two-headed ogre (D:9)
  A deep elf archer (D:10)
  Pikel (D:9)
  A cyclops (D:10)
  A komodo dragon (D:10)
  A troll (D:10)
  A hippogriff (D:7)
  Sigmund (D:4)
  A water moccasin (D:10)
  Purgy (Sewer)
  An orc warrior (D:6)
  An ice beast (D:9)
  3 ogres
  A sky beast (D:6)
  3 phantoms
  7 centaurs
  5 bullfrogs
  2 big kobolds
  A wyvern skeleton (D:8)
  5 scorpions
  4 wights (D:7)
  An electric eel (D:8)
  2 crimson imps
  2 quasits
  2 bullfrog skeletons
  6 hounds
  A jelly (D:5)
  2 orc priests
  4 orc wizards
  Ijyb (D:3)
  Jessica (D:2)
  4 centaur skeletons
  3 iguanas
  6 worker ants
  4 gnolls (D:8)
  11 adders
  A shadow imp (D:10)
  An adder zombie (D:5)
  An adder skeleton (D:4)
  3 worms
  8 leopard geckos
  31 orcs
  2 bats
  5 giant cockroaches
  4 hobgoblins
  5 jackals (D:7)
  A quokka (D:8)
  5 ball pythons (Sewer)
  3 frilled lizards
  7 goblins
  16 kobolds
  A leopard gecko skeleton (D:5)
  16 rats
205 creatures vanquished.

Vanquished Creatures (others)
  A hound zombie (D:9)
  An adder (D:9)
  A giant cockroach (D:3)
3 creatures vanquished.

Grand Total: 208 creatures vanquished

Notes
Turn   | Place    | Note
-------+----------+-------------------------------------------
     0 | D:1      | KamiKatze the Deep Dwarf Fighter began the quest for the Orb.
     0 | D:1      | Reached XP level 1. HP: 20/20 MP: 1/1
   328 | D:1      | Reached XP level 2. HP: 24/27 MP: 2/2
   515 | D:1      | Reached skill level 3 in Axes
  1085 | D:2      | Noticed Jessica
  1098 | D:2      | Killed Jessica
  1098 | D:2      | Reached skill level 4 in Axes
  1098 | D:2      | Reached XP level 3. HP: 25/34 MP: 3/3
  1328 | D:2      | Reached XP level 4. HP: 29/42 MP: 4/4
  1589 | D:2      | Found a faded altar of an unknown god.
  2037 | D:3      | Found a runed door.
  2134 | D:3      | Found a basalt altar of Yredelemnul.
  2134 | D:3      | Noticed Ijyb
  2168 | D:3      | Paralysed by Ijyb for 7 turns
  2194 | D:3      | Killed Ijyb
  2194 | D:3      | Reached skill level 5 in Axes
  2305 | D:3      | Noticed a moth of wrath
  2308 | D:3      | Found a bloodstained altar of Trog.
  2458 | D:3      | Found a glowing golden altar of the Shining One.
  2460 | D:3      | Noticed an angel
  2470 | D:3      | Noticed a profane servitor
  2592 | D:4      | Noticed Sigmund
  2598 | D:4      | Killed Sigmund
  2598 | D:4      | Reached skill level 6 in Axes
  2598 | D:4      | Reached XP level 5. HP: 46/49 MP: 4/4
  2598 | D:4      | Reached XP level 6. HP: 53/56 MP: 5/5
  2781 | D:4      | Reached skill level 7 in Axes
  3081 | D:4      | Found a burning altar of Makhleb.
  3081 | D:4      | Found an iron altar of Okawaru.
  3089 | D:4      | Became a worshipper of Makhleb the Destroyer
  3226 | D:5      | Entered Level 5 of the Dungeon
  3451 | D:5      | Reached XP level 7. HP: 34/62 MP: 6/6
  3631 | D:5      | Found a staircase to the Ecumenical Temple.
  3643 | D:5      | Reached skill level 1 in Dodging
  3842 | D:5      | Found a shattered altar of Ashenzari.
  3915 | D:5      | Reached skill level 8 in Axes
  3989 | D:5      | Reached * piety under Makhleb
  4015 | D:5      | Found a shadowy altar of Dithmenos.
  4156 | D:5      | Noticed Eustachio
  4489 | D:6      | Reached XP level 8. HP: 40/72 MP: 7/7
  4562 | D:6      | Found a glowing drain.
  4626 | D:6      | Reached skill level 5 in Armour
  4696 | Sewer    | Entered a sewer
  4770 | Sewer    | Noticed Purgy
  4791 | Sewer    | Killed Purgy
  4791 | Sewer    | Reached skill level 5 in Shields
  4998 | D:6      | Found a shimmering altar of Xom.
  5052 | D:6      | Reached skill level 9 in Axes
  5413 | D:7      | Reached ** piety under Makhleb
  5413 | D:7      | Gained mutation: You passively map the area around you. [Deep Dwarf growth]
  5413 | D:7      | Reached XP level 9. HP: 59/79 MP: 5/5
  5429 | D:7      | Reached skill level 5 in Dodging
  5663 | D:7      | Noticed subsebi's ghost (novice DsCK)
  5963 | D:7      | Found a white marble altar of Elyvilon.
  6085 | D:8      | Found Qiug's Assorted Antiques.
  6102 | D:8      | Bought an emerald potion for 23 gold pieces
  6102 | D:8      | Bought a scroll labeled LAIRUNTUAQA for 26 gold pieces
  6515 | D:8      | Found a sparkling altar of Nemelex Xobeh.
  6515 | D:8      | Found an ancient bone altar of Kikubaaqudgha.
  6515 | D:8      | Found an opulent altar of Gozag.
  6515 | D:8      | Found a snail-covered altar of Cheibriados.
  6524 | D:8      | Reached skill level 5 in Fighting
  6716 | D:8      | Reached skill level 10 in Axes
  6902 | D:8      | You fall through a shaft for 2 floors!
  6902 | D:10     | Entered Level 10 of the Dungeon
  7117 | D:8      | Found a staircase to the Lair.
  7141 | D:8      | Reached *** piety under Makhleb
  7421 | D:9      | Reached skill level 1 in Invocations
  7464 | D:9      | Noticed Pikel
  7484 | D:9      | Killed Pikel
  7484 | D:9      | Reached XP level 10. HP: 91/91 MP: 5/7
  7556 | D:9      | Found a radiant altar of Vehumet.
  7644 | D:9      | Noticed a two-headed ogre
  7654 | D:9      | Killed a two-headed ogre
  7824 | D:9      | Found Robumoto's Book Shop.
  8506 | D:10     | Noticed a six-headed hydra
  8518 | D:10     | Killed a six-headed hydra
  8518 | D:10     | Reached skill level 11 in Axes
  8581 | D:10     | Noticed a deep elf archer
  8592 | D:10     | Killed a deep elf archer
  8597 | D:10     | Noticed a death knight
  8641 | D:10     | Killed a death knight
  8741 | D:10     | Noticed a cyclops
  8786 | D:10     | Killed a cyclops
  8964 | Lair:1   | Entered Level 1 of the Lair of Beasts
  8994 | Lair:1   | Mangled by a komodo dragon

Skill      XL: |  1  2  3  4  5  6  7  8  9 10 |
---------------+-------------------------------+-----
Axes           | 4 6 7 8 9 10 11 | 11.8
Fighting       | 3 4 5 6 |  6.5
Armour         | 4 5 6 7 |  7.8
Shields        | 4 5 6 7 |  7.8
Dodging        | 2 4 6 |  6.0
Invocations    | 1 4 |  4.8

Action                   |  1- 3 |  4- 6 |  7- 9 | 10-12 || total
-------------------------+-------+-------+-------+-------++-------
Melee: War axe           |    74 |   248 |   568 |   104 ||   994
       Broad axe         |       |       |       |    21 ||    21
       Morningstar       |       |       |       |    18 ||    18
Throw: Stone             |    19 |     6 |    26 |       ||    51
       Tomahawk          |    10 |     2 |    11 |       ||    23
 Abil: Heal Wounds       |       |     1 |     6 |     5 ||    12
       Evoke Berserk Rag |       |       |       |     2 ||     2
Evoke: Wand              |       |       |     2 |       ||     2
  Use: Scroll            |     7 |     3 |     9 |     6 ||    25
       Potion            |       |     1 |     1 |     1 ||     3
  Eat: Chunk             |     1 |     8 |    14 |     6 ||    29
Armor: Scale mail        |    28 |    98 |   204 |       ||   330
       Chain mail        |       |       |    96 |    37 ||   133
Dodge: Dodged            |    10 |    64 |   241 |    37 ||   352
Block: Shield            |    35 |   140 |   403 |    77 ||   655
